 Dungeon Sprint DCSS version 0.20-a0-556-g892c87b (webtiles) character file.

137 dvd the Covered (level 5, -2/52 HPs)
             Began as a Minotaur Fighter on Feb 4, 2017.
             Was an Initiate of Okawaru.
             Succumbed to a killer bee's poison
             ... in the Dungeon (Sprint IV: "Fedhas' Mad Dash").
             The game lasted 00:01:57 (774 turns).

dvd the Covered (Minotaur Fighter)                   Turns: 774, Time: 00:01:58

Health: -2/52      AC:  8    Str: 21    XL:     5   Next: 0%
Magic:  4/4        EV:  8    Int:  5    God:    Okawaru [......]
Gold:   76         SH: 11    Dex: 10    Spells: 4/4 levels left

rFire    . . .     SeeInvis .   a - +0 war axe
rCold    . . .     Gourm    .   b - +0 scale mail
rNeg     . . .     Faith    .   c - +0 shield
rPois    .         Spirit   .   (helmet restricted)
rElec    .         Reflect  .   (no cloak)
rCorr    .         Harm     .   (no gloves)
MR       .....     NoTele   +   (no boots)
Stlth    ..........             l - amulet of invisibility {+Inv}
Regen    0.2/turn               (no ring)
                                (no ring)

@: lethally poisoned (-2 -> -40)
A: retaliatory headbutt, horns 2
a: Renounce Religion, Evoke Invisibility


You were in the Dungeon.
You worshipped Okawaru.
Okawaru was noncommittal.
You were not hungry.

You visited 1 branch You collected 76 gold pieces.

Inventory:

Hand Weapons
 a - a +0 war axe (weapon)
Armour
 b - a +0 scale mail (worn)
 c - a +0 shield (worn)
Jewellery
 l - the amulet of invisibility (around neck) {+Inv}
   (You found it in the Dungeon)

   [amulet of nothing]

   It lets you turn invisible.
Scrolls
 k - a scroll of blinking
Potions
 d - a potion of might
 h - a potion of haste
 i - 2 potions of magic
Comestibles
 f - a bread ration


   Skills:
 + Level 7.0 Fighting
 + Level 4.7 Axes
 + Level 7.5 Armour
 + Level 0.1 Stealth
 + Level 7.5 Shields
 + Level 0.3 Evocations


You had 4 spell levels left.
You didn't know any spells.

Dungeon Overview and Level Annotations

Branches:
Dungeon (1/1)

Altars:
Cheibriados
Dithmenos
Elyvilon
Gozag
Hepliaklqana
Kikubaaqudgha
Makhleb
Nemelex Xobeh
Okawaru
Qazlal
Ru
Sif Muna
Trog
Uskayaw
Vehumet
Xom
Yredelemnul
Zin
The Shining One
Beogh
Jiyva
Lugonu


Innate Abilities, Weirdness & Mutations

You reflexively headbutt those who attack you in melee.
You have a pair of horns on your head.


Message History

The killer bee poisons you!
You hit the killer bee. Your headbutt misses the killer bee.
The killer bee is lightly wounded.
You closely miss the queen bee.
You feel very sick. The killer bee stings you.
* * * LOW HITPOINT WARNING * * *
You are more poisoned.
The killer bee poisons you! The killer bee stings you.
* * * LOW HITPOINT WARNING * * *
The killer bee stings you!
* * * LOW HITPOINT WARNING * * *
You hear an angry buzzing noise.
The killer bee barely misses you.
The queen bee stings you but does no damage.
You block the killer bee's attack.
You hit the killer bee but do no damage.
The killer bee is severely wounded.
You hit the queen bee. You closely miss the killer bee.
You die...

########################
#<..P#.....#.....#.⌠._._
#PP..÷.....'.#.).'.._._.
#PPPP#.....#.#...#..._._
###############'##.._._.
#...♣........'...#.⌠._._
#%....y♣y....#...#######
♣@y♣..###### #+#####


You could see a queen bee and 2 killer bees.

Vanquished Creatures
  3 oklob saplings (D)
  A worker ant (D)
  A river rat (D)
  A rat (D)
6 creatures vanquished.

Notes
Turn   | Place    | Note
-------+----------+-------------------------------------------
     0 | D        | dvd the Minotaur Fighter began the quest for the Orb.
     0 | D        | Reached XP level 1. HP: 19/19 MP: 0/0
    10 | D        | Reached XP level 2. HP: 21/28 MP: 1/1
    87 | D        | Noticed an oklob sapling
    90 | D        | Killed an oklob sapling
    90 | D        | Reached skill level 5 in Fighting
    90 | D        | Reached skill level 5 in Armour
    90 | D        | Reached skill level 5 in Shields
    90 | D        | Reached XP level 3. HP: 7/36 MP: 2/2
   352 | D        | Noticed an oklob sapling
   357 | D        | Killed an oklob sapling
   357 | D        | Reached XP level 4. HP: 20/45 MP: 3/3
   522 | D        | Found an opulent altar of Gozag.
   522 | D        | Found a hazy altar of Hepliaklqana.
   522 | D        | Found a roughly hewn altar of Beogh.
   522 | D        | Found a snail-covered altar of Cheibriados.
   528 | D        | Found a viscous altar of Jiyva.
   528 | D        | Found a burning altar of Makhleb.
   528 | D        | Found a sparkling altar of Nemelex Xobeh.
   528 | D        | Found a sacrificial altar of Ru.
   528 | D        | Found a deep blue altar of Sif Muna.
   528 | D        | Found a bloodstained altar of Trog.
   528 | D        | Found a shimmering altar of Xom.
   528 | D        | Found a basalt altar of Yredelemnul.
   529 | D        | Found an iron altar of Okawaru.
   529 | D        | Found a glowing silver altar of Zin.
   529 | D        | Found a shadowy altar of Dithmenos.
   530 | D        | Found a hide-covered altar of Uskayaw.
   530 | D        | Found an ancient bone altar of Kikubaaqudgha.
   531 | D        | Found a glowing golden altar of the Shining One.
   531 | D        | Found a stormy altar of Qazlal.
   531 | D        | Found a white marble altar of Elyvilon.
   532 | D        | Found a radiant altar of Vehumet.
   532 | D        | Found a corrupted altar of Lugonu.
   544 | D        | Reached XP level 5. HP: 24/52 MP: 2/4
   555 | D        | Became a worshipper of Warmaster Okawaru
   760 | D        | Noticed a queen bee
   773 | D        | HP: 2/52 [killer bee (7)]
   774 | D        | Succumbed to a killer bee's poison

Vault maps used:
D:        dungeon_sprint_fedhas

Skill      XL: |  1  2  3  4 |
---------------+-------------+-----
Fighting       | 4 5 6 7 |  7.0
Armour         | 4 5 6 7 |  7.5
Shields        | 4 5 6 7 |  7.5
Axes           | 3 4 |  4.7
Stealth        | |  0.1
Evocations     | |  0.3

Action                   |  1- 3 |  4- 6 || total
-------------------------+-------+-------++-------
Melee: War axe           |    13 |    17 ||    30
       Headbutt          |     3 |     1 ||     4
 Abil: Evoke Invisibilit |       |     1 ||     1
  Use: Potion            |       |     3 ||     3
 Stab: Invisible         |       |     1 ||     1
Armor: Scale mail        |     2 |     3 ||     5
Dodge: Dodged            |     4 |     8 ||    12
Block: Shield            |       |    13 ||    13
